 Dungeon Crawl Stone Soup version 0.29.1-4-g47bece8355 (webtiles) character file.

Game seed: 5952546062030543614

5422 sanboga the Grappler (level 10, -7/136 HPs)
             Began as a Troll Monk on Dec 2, 2022.
             Was a Believer of Hepliaklqana.
             Mangled by an 11-headed hydra (13 damage)
             ... on level 7 of the Dungeon.
             The game lasted 00:09:28 (5140 turns).

sanboga the Grappler (Troll Monk)                   Turns: 5140, Time: 00:09:28

Health: -7/136     AC: 10    Str: 23 (24) XL:     10   Next: 40%
Magic:  18/18      EV: 11    Int:  7 (10) God:    Hepliaklqana [**....]
Gold:   321        SH:  0    Dex:  8 (9)  Spells: 9/9 levels left

rFire   . . .      SeeInvis .     - Unarmed
rCold   + + .      Faith    .   (no shield)
rNeg    . . .      Spirit   .   y - +2 robe {rC+}
rPois   .          Reflect  .   (helmet restricted)
rElec   .          Harm     .   o - +1 cloak
rCorr   .          Rampage  .   (gloves unavailable)
Will    .....                   (boots unavailable)
Stlth   ..........              i - amulet of regeneration
HPRegen 1.92/turn               r - ring of magical power
MPRegen 0.16/turn               a - ring of protection from cold

@: berserking, invisible, very quick
A: reduced essence, large, unfitting armour, claws 3, regeneration 1, shaggy fur
1, tough skin 1, iridescent scales 1, clever 1, clumsy 1
a: Renounce Religion, Recall Ancestor, Ancestor Identity


You were on level 7 of the Dungeon.
You worshipped Hepliaklqana.
Hepliaklqana was pleased with you.
You visited 2 branches of the dungeon, and saw 9 of its levels.

You collected 391 gold pieces.
You spent 70 gold pieces at shops.

Inventory:

Armour
 o - a +1 cloak (worn)
 y - a +2 robe of cold resistance (worn)
Jewellery
 a - a ring of protection from cold (right claw)
 i - an amulet of regeneration (around neck)
 n - a ring of fire
 r - a ring of magical power (left claw)
 I - an amulet of the acrobat
Wands
 B - a wand of polymorph (17)
 C - a wand of roots (6)
 E - a wand of quicksilver (4)
 H - a wand of flame (22)
Scrolls
 c - 2 scrolls of summoning {unknown}
 g - 2 scrolls of silence {unknown}
 j - 3 scrolls of blinking
 p - a scroll of enchant weapon {unknown}
 q - a scroll of poison {unknown}
 v - a scroll of teleportation
 w - 2 scrolls of enchant armour
 z - a scroll of magic mapping {unknown}
 A - a scroll of fog
 F - a scroll of fear {unknown}
 G - a scroll of identify
Potions
 b - 2 potions of lignification
 d - 3 potions of magic
 e - a potion of haste {unknown}
 f - 2 potions of heal wounds
 h - 2 potions of mutation
 k - 3 potions of curing
 l - a potion of invisibility
 m - 4 potions of cancellation
 t - 2 potions of ambrosia
 u - 3 potions of berserk rage
 x - 2 potions of attraction {unknown}
 D - a potion of might {unknown}


   Skills:
 + Level 7.0 Fighting
 + Level 7.0 Dodging
 - Level 1.0 Stealth
 * Level 11.4 Unarmed Combat


You had 9 spell levels left.
You didn't know any spells.
Your spell library contained the following spells:

 Spells                   Type           Power      Damage    Failure   Level
 Blink                    Tloc           0%         N/A       56%         2
 Poisonous Vapours        Pois/Air       0%         N/A       56%         2
 Sublimation of Blood     Necr           0%         N/A       56%         2
 Lesser Beckoning         Tloc           0%         N/A       80%         3
 Ozocubu's Armour         Ice            0%         N/A       80%         3
 Corpse Rot               Necr/Pois/Air  0%         N/A       99%         4
 Petrify                  Tmut/Erth      0%         N/A       99%         4
 Irradiate                Conj/Tmut      0%         3d11      100%        5
 Manifold Assault         Tloc           0%         N/A       100%        5
 Ozocubu's Refrigeration  Ice            0%         4d7       100%        7


Dungeon Overview and Level Annotations

Branches:
Dungeon (8/15)             Temple (1/1) D:6
   Lair: D:8-11

Altars:
Ashenzari
Cheibriados
Dithmenos
Elyvilon
Fedhas
Gozag
Hepliaklqana
Kikubaaqudgha
Makhleb
Nemelex Xobeh
Okawaru
Qazlal
Sif Muna
Trog
Uskayaw
Vehumet
Xom
Yredelemnul
Zin
The Shining One

Shops:
D:7 [(*[

Annotations:
D:8 2 runed translucent doors


Innate Abilities, Weirdness & Mutations

Your life essence is reduced to manifest your ancestor. (-10% HP)
You are too large for most types of armour.
You have claws for hands.
Your natural rate of healing is unusually fast.
You are covered in fur. (AC +1)
You have tough skin. (AC +1)
You are partially covered in iridescent scales. (AC +2)
Your mind is acute. (Int +4, Str/Dex -1)
You are clumsy. (Dex -2)


Message History

The seven-headed hydra barely misses you.
The seven-headed hydra bites you!
* * * LOW HITPOINT WARNING * * *
The seven-headed hydra bites you but does no damage. x2
The seven-headed hydra bites you.
* * * LOW HITPOINT WARNING * * *
The seven-headed hydra bites you but does no damage.
You tear one of the seven-headed hydra's heads off!
The six-headed hydra grows two more!
You claw the eight-headed hydra!
The eight-headed hydra is moderately wounded.
You tear one of the eight-headed hydra's heads off!
The seven-headed hydra grows two more!
You mangle the nine-headed hydra!!
The nine-headed hydra is heavily wounded.
The nine-headed hydra closely misses you. x3
The nine-headed hydra bites you but does no damage.
The nine-headed hydra bites you!
* * * LOW HITPOINT WARNING * * *
The nine-headed hydra barely misses you.
The nine-headed hydra closely misses you.
The nine-headed hydra barely misses you.
The nine-headed hydra bites you but does no damage.
You rip one of the nine-headed hydra's heads off!
The eight-headed hydra grows two more!
You mangle the ten-headed hydra!!
The ten-headed hydra is severely wounded.
You tear one of the ten-headed hydra's heads off!
The nine-headed hydra grows two more!
You mangle the 11-headed hydra!!
The 11-headed hydra is severely wounded.
The 11-headed hydra bites you.
* * * LOW HITPOINT WARNING * * *
The 11-headed hydra closely misses you. x2; The 11-headed hydra bites you.
* * * LOW HITPOINT WARNING * * *
The 11-headed hydra bites you.
* * * LOW HITPOINT WARNING * * *
The 11-headed hydra closely misses you. The 11-headed hydra bites you.
* * * LOW HITPOINT WARNING * * *
The 11-headed hydra bites you but does no damage. x2
The 11-headed hydra bites you.
* * * LOW HITPOINT WARNING * * *
The 11-headed hydra bites you!
You die...

#####...###.#§§>≈#.#
#.#.##..#≈_§§#.#
##.#.....#≈≈§§#.#
###.....#..##'§##.# #♣###
#....##...........# #...#
##...###..###########♣∩♣.#
................####.....#
.#####........#....#..♣..#
## ##..........@D.......#
.## #.........######...>.#
..###.........# #.....#
...##.#.#.##### #.....#
)...)...#..# #######
).......)..#######
...##..)#........###
...###.))....###...#####
..## #####......##.....#


You could see a 11-headed hydra (unable to see you).

Vanquished Creatures
  Pikel (D:5)
  Maurice (D:8)
  Sigmund (D:5)
  Grum (D:8)
  2 water moccasins
  3 black bears
  2 orc warriors
  2 ice beasts (D:7)
  2 ogres
  2 wolves (D:8)
  2 phantoms
  A kobold brigand (D:7)
  3 bullfrogs
  6 scorpions
  2 necrophages
  12 wights
  A howler monkey (D:7)
  A gnoll bouda (D:6)
  4 hounds
  2 orc priests
  Crazy Yiuf (D:2)
  4 jellies
  Ijyb (D:3)
  An iguana (D:3)
  3 orc wizards
  2 killer bee zombies (D:8)
  A howler monkey zombie (D:8)
  Robin (D:4)
  6 gnolls
  6 adders
  3 white imps
  3 ufetubi (D:5)
  2 worms
  A dart slug (D:1)
  24 orcs
  3 endoplasms
  3 giant cockroaches
  15 goblins
  7 hobgoblins
  2 jackals (D:1)
  7 quokkas
  9 ball pythons
  4 frilled lizards
  12 kobolds
  6 rats
178 creatures vanquished.

Vanquished Creatures (collateral kills)
  2 hornets (D:8)
  A hornet zombie (D:8)
  A bullfrog (D:8)
  A necrophage (D:7)
  2 wights
  A hound (D:6)
  2 gnolls (D:6)
  An ufetubus (D:7)
  An orc (D:8)
  4 kobolds (D:7)
16 creatures vanquished.

Vanquished Creatures (others)
  An unseen horror (D:8)
  2 hexers
  4 plants (D:2)
7 creatures vanquished.

Grand Total: 201 creatures vanquished

Notes
Turn   | Place    | Note
-------+----------+-------------------------------------------
     0 | D:1      | sanboga the Troll Monk began the quest for the Orb.
     0 | D:1      | Reached XP level 1. HP: 22/22 MP: 0/0
   163 | D:1      | Reached XP level 2. HP: 29/29 MP: 1/1
   781 | D:2      | Reached XP level 3. HP: 36/36 MP: 2/2
   937 | D:2      | Found a faded altar of an unknown god.
   988 | D:2      | Found a sparkling altar of Nemelex Xobeh.
  1101 | D:2      | Reached skill level 4 in Unarmed Combat
  1275 | D:2      | Found a runed translucent door.
  1276 | D:2      | Noticed Crazy Yiuf
  1440 | D:2      | Killed Crazy Yiuf
  1441 | D:2      | Reached XP level 4. HP: 45/45 MP: 3/3
  1451 | D:2      | Identified the +6 hammer of Abomination {flame, rC+ Dex+4}
  1715 | D:3      | Found a glowing silver altar of Zin.
  1718 | D:3      | Found a glowing golden altar of the Shining One.
  1721 | D:3      | Found an iron altar of Okawaru.
  1724 | D:3      | Found a basalt altar of Yredelemnul.
  1824 | D:3      | Noticed Ijyb
  1830 | D:3      | Paralysed by Ijyb for 2 turns
  1836 | D:3      | Killed Ijyb
  1837 | D:3      | Reached XP level 5. HP: 51/53 MP: 4/4
  2025 | D:3      | Identified the +2 ring mail of Articulation {rF+ Dex+3}
  2337 | D:4      | Reached skill level 5 in Unarmed Combat
  2392 | D:4      | Noticed Robin
  2392 | D:4      | Noticed a phantom
  2397 | D:4      | Gained mutation: Your mind is acute. (Int +4, Str/Dex -1)
                  | [potion of mutation]
  2397 | D:4      | Gained mutation: You are clumsy. (Dex -2) [potion of
                  | mutation]
  2397 | D:4      | Gained mutation: You are partially covered in iridescent
                  | scales. (AC +2) [potion of mutation]
  2407 | D:4      | Killed Robin
  2419 | D:4      | Killed a phantom
  2420 | D:4      | Reached XP level 6. HP: 23/61 MP: 5/5
  2623 | D:4      | Identified the +9 hand axe of Watchfulness {spect, *Corrode
                  | rF+++ Str+6 Int+3}
  2725 | D:5      | Entered Level 5 of the Dungeon
  2755 | D:5      | Reached skill level 6 in Unarmed Combat
  2755 | D:5      | Reached XP level 7. HP: 61/68 MP: 6/6
  2824 | D:5      | Reached skill level 7 in Unarmed Combat
  2903 | D:5      | Reached XP level 8. HP: 79/79 MP: 7/7
  2983 | D:5      | Found a shimmering altar of Xom.
  3083 | D:5      | Noticed Sigmund
  3096 | D:5      | Noticed Pikel
  3106 | D:5      | Killed Sigmund
  3107 | D:5      | Reached skill level 8 in Unarmed Combat
  3124 | D:5      | Killed Pikel
  3125 | D:5      | Reached skill level 5 in Fighting
  3125 | D:5      | Reached skill level 5 in Dodging
  3168 | D:5      | Found a sparkling altar of Nemelex Xobeh.
  3218 | D:5      | Reached XP level 9. HP: 35/88 MP: 8/8
  3473 | D:6      | Found a staircase to the Ecumenical Temple.
  3484 | Temple   | Entered the Ecumenical Temple
  3500 | Temple   | Became a worshipper of Hepliaklqana the Forgotten
  3500 | Temple   | Reached * piety under Hepliaklqana
  3500 | Temple   | Reached ** piety under Hepliaklqana
  3501 | Temple   | Remembered your ancestor Plato as a hexer
  3569 | D:6      | Reached skill level 9 in Unarmed Combat
  4063 | D:7      | Reached skill level 10 in Unarmed Combat
  4148 | D:7      | Found Bos Ytta's General Store.
  4182 | D:7      | Bought a potion of heal wounds for 70 gold pieces
  4258 | D:7      | Found a shimmering blue altar of Sif Muna.
  4274 | D:7      | Found Himumm's Antique Armour Shop.
  4321 | D:7      | Found Qeulyung's Weapon Shoppe.
  4415 | D:7      | Found Pittib's Antique Armour Shoppe.
  4535 | D:8      | Paralysed by a hornet for 2 turns
  4541 | D:8      | Reached XP level 10. HP: 63/90 MP: 9/9
  4684 | D:8      | Noticed Maurice
  4690 | D:8      | Killed Maurice
  4691 | D:8      | Reached skill level 11 in Unarmed Combat
  4812 | D:8      | Paralysed by a hornet for 3 turns
  4858 | D:8      | Found a runed translucent door.
  4865 | D:8      | Found a runed translucent door.
  4865 | D:8      | Noticed a deep elf pyromancer
  4865 | D:8      | Noticed a cyan ugly thing
  5004 | D:8      | Noticed Grum
  5019 | D:8      | Killed Grum
  5096 | D:8      | Noticed a white ugly thing
  5096 | D:8      | Noticed a six-headed hydra
  5096 | D:8      | Noticed a boulder beetle
  5096 | D:8      | Noticed a gargoyle
  5140 | D:7      | HP: 6/136 [11-headed hydra (6)]
  5140 | D:7      | Mangled by an 11-headed hydra

Illustrated notes

Levels and vault maps discovered:
D:1:      mrwooster_arrival_statue, layout_loops_ring, minmay_3d_cube
D:2:      layout_loops_ring, shapermc_ecumenical_altar_mp_highgroup,
          basic_altar, lexackson_kobold_supper, uniq_crazy_yiuf_cottage
D:3:      layout_basic, grunt_temple_overflow_cloverleaf, uniq_ijyb
D:4:      layout_rooms, uniq_robin
D:5:      layout_rooms, mainiacjoe_overflow_big_doors,
          chequers_decorated_corner, minmay_joined_circles, uniq_sigmund,
          uniq_pikel
D:6:      layout_rooms, minmay_temple_entry_slanted
D:7:      layout_rooms, general_overflow_altar, serial_shops,
          nicolae_diamond_shop, nicolae_diamond_shop, shop, nicolae_shop_trees
D:8:      minmay_the_grid_triangle_9x9_recursive_2
          [minmay_the_grid_triangle_9x9_prize_top_heavy,
          minmay_the_grid_triangle_9x9_impossible_snake,
          minmay_the_grid_triangle_9x9_tough_junction,
          minmay_the_grid_triangle_9x9_cache], layout_loops_cross,
          serial_undead, serial_undead_c, serial_undead_d, serial_undead_f,
          serial_undead_f, serial_undead_f, serial_undead_e, serial_shops, shop,
          uniq_grum, uniq_maurice
Temple:   nicolae_temple_god_jail

Skill      XL: |  1  2  3  4  5  6  7  8  9 10 |
---------------+-------------------------------+-----
Unarmed Combat | 4 5 6 7 8 10 11 | 11.4
Fighting       | 3 4 5 6 7 |  7.0
Dodging        | 3 4 5 6 7 |  7.0
Stealth        | |  1.0

Action                   |  1- 3 |  4- 6 |  7- 9 | 10-12 || total
-------------------------+-------+-------+-------+-------++-------
Melee: Unarmed           |   102 |   139 |   218 |    80 ||   539
       Punch             |     1 |     4 |    11 |     4 ||    20
Invok: Recall Ancestor   |       |       |     1 |       ||     1
       Ancestor Life: He |       |       |     1 |       ||     1
       Ancestor Identity |       |       |     1 |       ||     1
  Use: Potion            |       |     2 |     2 |     3 ||     7
       Scroll            |       |     6 |     8 |       ||    14
 Stab: Sleeping          |     4 |     1 |       |       ||     5
       Invisible         |       |       |     2 |       ||     2
       Confused          |       |       |     3 |     1 ||     4
       Distracted        |       |       |     2 |       ||     2
Armor: Robe              |    28 |    70 |    89 |    41 ||   228
Dodge: Dodged            |    45 |   123 |   121 |    53 ||   342
